 Dungeon Sprint DCSS version 0.25.0-63-gabc293c (webtiles) character file.

Game seed: 7111580518918119766

14427 sweetandcool the Severer (level 11, -2/117 HPs)
             Began as a Minotaur Berserker on July 17, 2020.
             Was a High Priest of Trog.
             Slain by a bone dragon (10 damage)
             ... in the Dungeon (Sprint II: "The Violet Keep of Menkaure") on July 18, 2020.
             The game lasted 00:14:27 (1153 turns).

sweetandcool the Severer (Minotaur Berserker)       Turns: 1153, Time: 00:14:28

Health: -2/117     AC: 16    Str: 25 (26) XL:     11   Next: 88%
Magic:  10/10      EV: 17    Int:  2      God:    Trog [*****.]
Gold:   11         SH:  0    Dex: 12      Spells: 10/10 levels left

rFire    + . .     SeeInvis +   a - +4 battleaxe (flame)
rCold    . . .     Gourm    .   (shield currently unavailable)
rNeg     . . .     Faith    .   o - +2 chain mail {rF+}
rPois    +         Spirit   .   b - +0 mask of the Dragon {MR+ Slay+3 SInv}
rElec    .         Reflect  .   (no cloak)
rCorr    +         Harm     .   (no gloves)
MR       ++...     NoTele   +   (no boots)
Stlth    ..........             (no amulet)
HPRegen  0.29/turn              k - ring of Ysol {rPois MR+ rCorr Str+3 Int-2}
MPRegen  0.12/turn              (no ring)

@: berserk cooldown, hasted and slowed
A: retaliatory headbutt, horns 2, deterioration 1
a: Berserk, Trog's Hand, Brothers in Arms, Renounce Religion


You were in the Dungeon.
You worshipped Trog.
Trog was extremely pleased with you.
You were very hungry.

You visited 1 branch You collected 1469 gold pieces.
You spent 1458 gold pieces at shops.

Inventory:

Hand Weapons
 a - a +4 battleaxe of flaming (weapon)
 j - a +2 war axe of venom
 n - a +2 vorpal battleaxe
Armour
 b - the +0 mask of the Dragon (worn) {MR+ Slay+3 SInv}
   (You bought it in a shop in the Dungeon)

   It affects your accuracy and damage with ranged weapons and melee attacks
   (+3).
   It affects your resistance to hostile enchantments.
   It lets you see invisible.
 l - a +3 chain mail of cold resistance
 o - a +2 chain mail of fire resistance (worn)
Jewellery
 k - the ring of Ysol (left hand) {rPois MR+ rCorr Str+3 Int-2}
   (You bought it in a shop in the Dungeon)

   [ring of resist corrosion]

   It affects your strength (+3).
   It affects your intelligence (-2).
   It protects you from poison.
   It affects your resistance to hostile enchantments.
   It provides partial protection from all sources of acid and corrosion.
Scrolls
 i - a scroll of blinking
 p - 2 scrolls of amnesia
Potions
 d - 5 potions of curing
 e - a potion of heal wounds
 g - 2 potions of magic
 h - a potion of berserk rage
 m - 3 potions of flight {unknown}
Comestibles
 c - a ration


   Skills:
 + Level 17.4 Fighting
 + Level 17.4 Axes
 + Level 17.3 Armour
 + Level 16.0 Dodging


You had 10 spell levels left.
You didn't know any spells.
Your spell library was empty.

Dungeon Overview and Level Annotations

Branches:
Dungeon (1/1)

Altars:

Shops:
D ?}%[:(!}*!!:[}?:%*=([*!?(!!=

Annotations:
D exclusion: oklob plant


Innate Abilities, Weirdness & Mutations

You reflexively headbutt those who attack you in melee.
You have a pair of horns on your head.
Your body sometimes deteriorates upon taking damage.


Message History

* * * LOW HITPOINT WARNING * * *
You stumble backwards!
You hit the bone dragon but do no damage.
The bone dragon is almost destroyed.
The bone dragon bites you.
* * * LOW HITPOINT WARNING * * *
The bone dragon claws you!
* * * LOW HITPOINT WARNING * * *
The bone dragon barely misses you.
You feel much better. The bone dragon bites you!
* * * LOW HITPOINT WARNING * * *
The bone dragon claws you but does no damage.
The bone dragon tramples you!
* * * LOW HITPOINT WARNING * * *
Your body deteriorates!
You feel weakened.
You hold your ground!
You feel much better. The bone dragon bites you!!
* * * LOW HITPOINT WARNING * * *
The bone dragon claws you!
You die...

###########
#...).÷÷..#
#@D..[.#..####
#'######e##..####+
#∩∩∩∩∩∩#).'.##§§≈≈
#∩∩∩∩∩∩#)(###≈§≈§§
#########[.+≈≈≈§≈8
#..(####≈§§§≈
......e..≈##§§§§
############≈≈#+++#
###########≈≈≈..())


You could see a bone dragon.

Vanquished Creatures
  A golden dragon (D)
  Kirke (D)
  A storm dragon (D)
  A cacodemon (D)
  A great orb of eyes (D)
  A yaktaur captain (D)
  A deep elf high priest (D)
  A centaur warrior (D)
  2 hell hogs (D)
  A skeletal warrior (D)
  An elephant (D)
  A merfolk siren (D)
  A kobold demonologist (D)
  2 hippogriffs (D)
  2 redbacks (D)
  3 black bears (D)
  5 necrophages (D)
  A crocodile (D)
  An iron imp (D)
  3 worms (D)
31 creatures vanquished.

Vanquished Creatures (collateral kills)
  A death yak (D)
1 creature vanquished.

Vanquished Creatures (others)
  Menkaure (D)
  A crocodile (D)
2 creatures vanquished.

Grand Total: 34 creatures vanquished

Notes
Turn   | Place    | Note
-------+----------+-------------------------------------------
     0 | D        | sweetandcool the Minotaur Berserker began the quest for the
                  | Orb.
     0 | D        | Reached XP level 1. HP: 19/19 MP: 0/0
     1 | D        | Noticed a hippogriff
     1 | D        | Noticed a hippogriff
     7 | D        | Killed a hippogriff
     7 | D        | Reached XP level 2. HP: 19/34 MP: 1/1
     7 | D        | Reached XP level 3. HP: 21/39 MP: 2/2
     7 | D        | Reached XP level 4. HP: 26/47 MP: 3/3
     7 | D        | Reached XP level 5. HP: 29/52 MP: 4/4
    11 | D        | HP: 1/78 [hippogriff (8)]
    12 | D        | Killed a hippogriff
    12 | D        | Reached XP level 6. HP: 1/63 MP: 5/5
    63 | D        | Killed Menkaure
   321 | D        | Reached ** piety under Trog
   353 | D        | Reached *** piety under Trog
   355 | D        | Reached XP level 7. HP: 71/71 MP: 6/6
   360 | D        | Reached skill level 10 in Fighting
   360 | D        | Reached skill level 10 in Axes
   361 | D        | Reached skill level 10 in Armour
   389 | D        | Noticed a merfolk siren
   395 | D        | Killed a merfolk siren
   395 | D        | Reached **** piety under Trog
   395 | D        | Reached XP level 8. HP: 82/82 MP: 7/7
   452 | D        | Noticed an orange crystal statue
   463 | D        | Reached skill level 10 in Dodging
   464 | D        | Found Dam Veoh's Distillery.
   464 | D        | Found Cymubopn's Jewellery Emporium.
   467 | D        | Found Apecosh's Weapon Shoppe.
   467 | D        | Found Nuel Uzy's Distillery.
   468 | D        | Found Badaem's Distillery.
   468 | D        | Found Mowisuidd's Magic Scroll Emporium.
   469 | D        | Found Tamoixeo's Jewellery Shoppe.
   469 | D        | Found Itein's Antique Weapon Emporium.
   470 | D        | Found Coyjoisi's Book Shoppe.
   473 | D        | Found Wiofuutz's Antique Armour Shoppe.
   473 | D        | Found Enohoiczog's Book Emporium.
   473 | D        | Noticed a shining eye
   476 | D        | Found Venaw's Assorted Antiques.
   476 | D        | Found Olylitt's Gadget Shoppe.
   476 | D        | Noticed a shining eye
   476 | D        | Noticed a shining eye
   476 | D        | Noticed an oklob plant
   477 | D        | Found Cyfinuph's Antique Armour Shoppe.
   477 | D        | Found Gayts's Book Shoppe.
   477 | D        | Found Fuagude's Food Emporium.
   481 | D        | Noticed a slime creature
   487 | D        | Noticed a slime creature
   497 | D        | Bought a potion of heal wounds for 70 gold pieces
   502 | D        | Bought the ring of Ysol {rPois MR+ rCorr Str+3 Int-2} for
                  | 544 gold pieces
   510 | D        | Bought a shiny chain mail for 187 gold pieces
   533 | D        | Bought a potion of heal wounds for 50 gold pieces
   533 | D        | Bought a potion of curing for 30 gold pieces
   533 | D        | Bought a potion of curing for 30 gold pieces
   533 | D        | Bought a potion of curing for 30 gold pieces
   533 | D        | Bought a potion of curing for 30 gold pieces
   544 | D        | Noticed a centaur warrior
   544 | D        | Noticed Kirke
   544 | D        | Noticed a yaktaur captain
   545 | D        | Noticed a skeletal warrior
   555 | D        | Noticed a kobold demonologist
   556 | D        | Noticed an elephant
   561 | D        | Killed Kirke
   561 | D        | Reached XP level 9. HP: 93/93 MP: 8/8
   566 | D        | Killed a yaktaur captain
   566 | D        | Reached ***** piety under Trog
   566 | D        | Noticed a great orb of eyes
   578 | D        | Killed a skeletal warrior
   578 | D        | Reached XP level 10. HP: 102/102 MP: 9/9
   588 | D        | Killed an elephant
   597 | D        | Killed a great orb of eyes
   747 | D        | Killed a centaur warrior
   747 | D        | Received a gift from Trog
   759 | D        | Reached skill level 15 in Axes
   760 | D        | Reached skill level 15 in Fighting
   773 | D        | Received a gift from Trog
   789 | D        | Noticed a hell hog
   789 | D        | Noticed a death yak
   789 | D        | Noticed a hell hog
   793 | D        | Killed a death yak
   793 | D        | Reached skill level 15 in Armour
   800 | D        | Killed a hell hog
   803 | D        | Killed a hell hog
   803 | D        | Reached XP level 11. HP: 46/114 MP: 10/10
  1071 | D        | Found Puxiekau's Magic Scroll Emporium.
  1071 | D        | Found Becycun's Antique Weapon Shop.
  1071 | D        | Found Qaopum Vej's Gadget Shop.
  1071 | D        | Found Mubehiza's Distillery.
  1071 | D        | Found Faebobao's Distillery.
  1072 | D        | Found Hatziwk's Distillery.
  1072 | D        | Found Wyesier's Gadget Boutique.
  1072 | D        | Found Wupniguw's Food Emporium.
  1072 | D        | Found Diecuist's Armour Shop.
  1072 | D        | Found Jifergh's Magic Scroll Emporium.
  1072 | D        | Found Zifeab's Assorted Antiques.
  1072 | D        | Found Cenuepem's General Store.
  1082 | D        | Bought the +0 mask of the Dragon {MR+ Slay+3 SInv} for 367
                  | gold pieces
  1082 | D        | Found the +0 mask of the Dragon {MR+ Slay+3 SInv}
  1089 | D        | Bought a potion of heal wounds for 120 gold pieces
  1105 | D        | Noticed a golden dragon
  1105 | D        | Noticed a storm dragon
  1105 | D        | Noticed a cacodemon
  1111 | D        | Gained mutation: Your body sometimes deteriorates upon
                  | taking damage. [a cacodemon]
  1117 | D        | Killed a cacodemon
  1117 | D        | Received a gift from Trog
  1123 | D        | Killed a golden dragon
  1123 | D        | Reached skill level 15 in Dodging
  1131 | D        | Killed a storm dragon
  1132 | D        | Noticed a deep elf high priest
  1132 | D        | Noticed a bone dragon
  1147 | D        | Killed a deep elf high priest
  1153 | D        | Slain by a bone dragon

Illustrated notes

Levels and vault maps discovered:
D:        the_violet_keep_of_menkaure [sprint2_stairs_cluster_1,
          sprint2_shoproom, sprint2_temple, sprint2_basic_supplies,
          sprint2_obstacle_2, sprint2_obstacle_7, sprint2_obstacle_4,
          sprint2_obstacle_6, sprint2_obstacle_5, sprint2_timed_cluster_1,
          sprint2_smallroom_cluster_1, sprint2_smallroom_final_cluster_1,
          sprint2_transparent_cluster_1, sprint2_second_timed_cluster_1,
          sprint2_sniper_area_1, sprint2_heavy_combat_area_1,
          sprint2_mutation_trap_area_1, sprint2_forest_area_1,
          sprint2_light_combat_area_1, sprint2_behind_water_1,
          sprint2_near_end_vault_1]

Skill      XL: |  1  2  3  4  5  6  7  8  9 10 11 |
---------------+----------------------------------+-----
Fighting       | 7 9 11 13 15 17 | 17.4
Axes           | 7 9 11 13 15 17 | 17.4
Armour         | 6 8 9 10 12 13 15 17 | 17.3
Dodging        | 6 7 8 9 11 12 14 16 | 16.0

Action                   |  1- 3 |  4- 6 |  7- 9 | 10-12 || total
-------------------------+-------+-------+-------+-------++-------
Melee: Hand axe          |     5 |    16 |    37 |    17 ||    75
       Headbutt          |     3 |     6 |    13 |    19 ||    41
       Battleaxe         |       |       |       |    49 ||    49
       War axe           |       |       |       |     3 ||     3
Invok: Berserk           |     1 |     1 |     2 |     2 ||     6
       Trog's Hand       |       |       |     1 |       ||     1
       Brothers in Arms  |       |       |       |     1 ||     1
  Use: Potion            |       |       |     1 |     4 ||     5
       Scroll            |       |       |       |     1 ||     1
  Eat: Chunk             |       |       |     2 |     4 ||     6
Armor: Animal skin       |     1 |     1 |       |       ||     2
       Chain mail        |       |       |     4 |    20 ||    24
Dodge: Dodged            |     4 |     5 |    14 |    35 ||    58
